AoeStats
← [TN]Radio_GM_8

Black Forest

506757432Analyzed
2v2 RM · 18d ago on Sep 15, 2026· 39m 15s· 4 players
Game mode
Random Map
Map size
Medium (4 player)
Population
200
Speed
Normal
Resources
Standard
Victory
Conquest
Starting age
Dark Age
Ending age
Imperial Age
RankedLock teamsTeams togetherTeam positionsShared explorationLock speedFull tech treeHidden civsTurbo modeCheats
Victory
Defeat
🇧🇩 Romans · Bangladesh
1695
+7
🇹🇳 Burgundians · Tunisia
1572
+12
🇨🇦 Bohemians · Canada
1522
-11
🇨🇦 Bulgarians · Canada
1440
-8
SneakyStab
1:37 Loom
12:36 Feudal Age
16:56 Castle Age
14:45 Double-Bit Axe
15:01 Horse Collar
18:17 Bow Saw
19:26 Wheelbarrow
24:02 Heavy Plow
23:52 Town Watch
24:28 Redemption
25:35 Hand Cart
31:27 Imperial Age
30:26 Chemistry
29:58 Sanctity
30:24 Wagenburg Tactics
30:23 Scale Mail Armor
30:04 Pikeman
30:47 Squires
31:03 Chain Mail Armor
30:59 Forging
31:30 Town Patrol
34:19 Iron Casting
35:19 Fletching
35:26 Sappers
Testicouille
2:01 Loom
14:02 Feudal Age
18:37 Castle Age
18:00 Double-Bit Axe
19:40 Bow Saw
24:19 Town Watch
24:29 Horse Collar
26:09 Heavy Plow
26:53 Gold Mining
28:38 Wheelbarrow
30:15 Scale Mail Armor
30:26 Forging
33:15 Imperial Age
31:11 Chain Mail Armor
30:42 Pikeman
31:24 Squires
32:01 Iron Casting
31:55 Hand Cart
31:50 Stone Mining
33:39 Gold Shaft Mining
33:40 Stone Shaft Mining
33:30 Onager
33:32 Halberdier
34:44 Plate Mail Armor
35:14 Blast Furnace
36:09 Chemistry
36:27 Siege Engineers
36:11 Siege Onager
38:24 Conscription
[TN]Radio_GM_8
0:41 Loom
12:45 Feudal Age
11:43 Double-Bit Axe
13:51 Bow Saw
19:48 Castle Age
17:58 Horse Collar
19:44 Fishing Lines
21:56 Two-Man Saw
21:30 Horse Collar
24:42 Heavy Plow
27:52 Gold Mining
30:08 Gillnets
33:13 Imperial Age
31:56 Gold Shaft Mining
31:12 Stone Mining
31:38 Scale Mail Armor
31:49 Forging
31:41 Squires
33:01 Chain Mail Armor
33:55 Wheelbarrow
33:06 Town Watch
34:24 Conscription
35:11 Chemistry
34:32 Ballistics
34:47 Plate Mail Armor
34:52 Iron Casting
34:21 Pikeman
35:45 Stone Shaft Mining
35:36 Hand Cart
34:54 Halberdier
39:04 Blast Furnace
37:55 Fletching
38:18 Masonry
Banzai
11:20 Feudal Age
12:41 Wheelbarrow
12:52 Double-Bit Axe
15:19 Castle Age
13:45 Double-Bit Axe
14:22 Fishing Lines
16:33 Bow Saw
16:19 Gillnets
18:33 Horse Collar
22:20 Stone Mining
25:03 Gold Mining
28:25 Imperial Age
26:34 Gold Shaft Mining
27:34 Heavy Plow
27:37 Scale Mail Armor
26:59 Man-at-Arms
27:40 Squires
28:02 Hand Cart
27:55 Long Swordsman
28:52 Chain Mail Armor
28:38 Caravan
28:37 Onager
29:45 Conscription
29:10 Capped Ram
30:01 Forging
29:30 Legionary
29:57 Capped Ram
31:05 Siege Ram
32:28 Comitatenses
32:57 Iron Casting
35:08 Blast Furnace
34:34 Loom
35:36 Fletching
37:07 Coinage
36:50 Guilds
36:29 Heavy Scorpion
38:29 Banking
Connection lost

Rejoining the realm…

Still unreachable

The connection could not be restored.

Session expired

The server has moved on; the page needs a fresh start.